Map: Ruins of Seras

Players

Frozzen - Winner!

  • Race: Zerg Zerg

Hunter

  • Race: Protoss Protoss
  • League: Gold

VOD

Have the link to the VOD?

Description

Time

  • Played on: Nov. 13, 2015, 12:20 p.m.
  • Length: 11:23
Show
View Real Time Build Order
Export as new Build Order

Frozzen Zerg - Winner!

Build Orders: Hatch First 

Get SALT Encoding   

  12  0:03  Drone  
  13  0:12  Overlord  
  13  0:18  Drone  
  14  0:31  Drone x2  
  16  0:52  Hatchery  
  16  0:54  Drone  
  16  0:58  Drone  
  16  1:01  Drone  
  18  1:16  Spawning Pool  
  17  1:19  Drone  
  18  1:30  Overlord  
  18  1:31  Drone  
  19  1:34  Extractor  
  18  1:43  Drone  
  19  1:52  Drone  
  20  2:03  Queen  
  20  2:04  Queen  
  20  2:05  Zergling x4  
  26  2:12  Drone  
  26  2:15  Drone  
  28  2:23  Drone  
  28  2:29  Drone  
  30  2:35  Drone  
  30  2:36  Metabolic Boost  
  31  2:37  Drone  
  31  2:39  Queen  
  34  2:44  Drone  
  34  2:46  Drone  
  36  2:55  Overlord  
  36  3:06  Extractor  
  36  3:07  Drone  
  36  3:13  Drone  
  36  3:15  Overlord  
  36  3:18  Drone x6  
  43  3:23  Lair  
  43  3:26  Drone  
  44  3:27  Overlord  
  44  3:35  Drone  
  45  3:42  Zergling x2  
  45  3:47  Zergling x12  
  52  3:54  Drone  
  53  3:57  Roach Warren  
  53  3:59  Drone  
  53  4:10  Drone x2  
  53  4:12  Extractor  
  53  4:13  Evolution Chamber  
  53  4:15  Evolution Chamber  
  53  4:16  Drone x4  
  55  4:23  Drone x4  
  57  4:25  Overlord  
  56  4:35  Drone x2  
  58  4:40  Zerg Ground Armor Level 1  
  58  4:41  Zerg Missile Weapons Level 1, Extractor  
  58  4:42  Overseer  
  57  4:57  Roach x5  
  67  5:13  Overlord x2  
  67  5:14  Overlord x2  
  67  5:18  Glial Reconstitution  
  67  5:22  Hydralisk Den  
  66  5:33  Hatchery  
  65  5:42  Ravager x4  
  70  5:43  Ravager  
  70  5:44  Roach  
  72  5:52  Drone x2  
  72  5:54  Zergling x2  
  72  5:55  Zergling x18  
  84  6:13  Muscular Augments  
  84  6:14  Drone  
  84  6:15  Drone x4  
  89  6:20  Hatchery  
  89  6:22  Drone x2  
  89  6:23  Drone  
  91  6:26  Overlord  
  91  6:27  Overlord  
  91  6:28  Overlord  
  85  6:40  Hydralisk  
  85  6:41  Hydralisk x2  
  85  6:44  Overlord x3  
  90  6:53  Hydralisk x3  
  96  6:56  Hydralisk  
  98  7:01  Extractor  
  98  7:02  Extractor  
  98  7:04  Hydralisk x3  
  102  7:11  Hydralisk x2  
  106  7:16  Roach x2  
  106  7:17  Roach  
  106  7:21  Hydralisk  
  106  7:22  Hydralisk  
  116  7:26  Overseer  
  116  7:29  Spore Crawler  
  115  7:30  Spore Crawler  
  115  7:31  Drone  
  115  7:33  Drone  
  115  7:34  Drone  
  115  7:35  Drone x2  
  118  7:38  Drone  
  118  7:39  Drone x2  
  118  7:40  Drone  
  122  7:51  Drone x2  
  122  7:52  Drone x2  
  122  7:53  Drone x4  
  126  8:08  Roach x5  
  136  8:21  Zerg Ground Armor Level 2, Zerg Missile Weapons Level 2  
  136  8:22  Infestation Pit  
  136  8:24  Hydralisk x4  
  143  8:48  Hatchery  
  141  8:49  Roach  
  141  8:50  Overlord  
  141  8:51  Overlord x5  
  143  8:58  Overseer  
  143  8:59  Overseer  
  143  9:00  Pneumatized Carapace  
  143  9:13  Overlord x2  
  143  9:14  Hydralisk x7  
  157  9:26  Lurker Den  
  157  9:29  Pathogen Glands  
  157  9:30  Hive  
  159  9:38  Roach x2  
  159  9:39  Roach x4  
  159  9:40  Hydralisk  
  170  9:58  Roach x3  
  170  9:59  Roach x3  
  143  10:06  Hydralisk x5  
  145  10:18  Hydralisk  
  145  10:19  Hydralisk x4  
  132  10:23  Drone  
  132  10:27  Drone  
  132  10:28  Drone x2  
  136  10:29  Roach x4  
  136  10:34  Hydralisk x2  
  148  10:42  Hydralisk  
  148  10:43  Hydralisk x2  
  154  10:50  Hydralisk x3  
  160  10:58  Hydralisk x3  
  145  11:14  Ravager x3  
Show
View Real Time Build Order
Export as new Build Order

Hunter Protoss 

Build Orders: 1 Gate Expand 

Get SALT Encoding   

  12  0:02  Probe (Chrono Boost)  
  13  0:12  Probe (Chrono Boost)  
  14  0:26  Probe (Chrono Boost)  
  15  0:28  Pylon  
  15  0:47  Probe (Chrono Boost)  
  15  0:49  Gateway  
  16  0:56  Assimilator  
  16  0:57  Probe (Chrono Boost)  
  17  1:08  Probe (Chrono Boost)  
  19  1:18  Probe (Chrono Boost)  
  19  1:30  Nexus  
  20  1:33  Probe (Chrono Boost)  
  20  1:43  Probe (Chrono Boost)  
  21  2:05  Gateway  
  21  2:06  Pylon  
  21  2:09  Cybernetics Core  
  21  2:13  Probe (Chrono Boost)  
  21  2:15  Assimilator  
  22  2:23  Probe (Chrono Boost)  
  22  2:24  Zealot  
  25  2:34  Probe (Chrono Boost)  
  26  2:42  Probe (Chrono Boost)  
  27  2:45  Warp Gate  
  27  2:48  Probe (Chrono Boost)  
  28  2:53  Mothership Core (Chrono Boost), Pylon  
  29  3:01  Adept  
  29  3:02  Sentry  
  33  3:11  Probe (Chrono Boost)  
  34  3:22  Probe (Chrono Boost)  
  35  3:28  Adept x2  
  35  3:29  Probe (Chrono Boost)  
  35  3:32  Gateway  
  40  3:40  Probe (Chrono Boost)  
  41  3:41  Probe (Chrono Boost)  
  42  4:08  Stalker x2  
  46  4:10  Probe (Chrono Boost)  
  46  4:13  Assimilator  
  47  4:18  Gateway  
  47  4:21  Probe (Chrono Boost)  
  42  4:31  Probe (Chrono Boost)  
  42  4:36  Pylon  
  43  4:42  Probe (Chrono Boost)  
  43  4:44  Gateway  
  44  4:45  Pylon  
  44  4:48  Zealot  
  44  4:50  Sentry x2  
  51  4:52  Probe (Chrono Boost)  
  51  4:57  Assimilator  
  51  5:03  Probe (Chrono Boost)  
  52  5:14  Probe x2 (Chrono Boost)  
  54  5:19  Robotics Facility  
  54  5:20  Stalker, Pylon  
  56  5:21  Zealot x2  
  56  5:24  Probe (Chrono Boost)  
  56  5:25  Probe (Chrono Boost), Adept  
  64  5:35  Probe (Chrono Boost)  
  65  5:37  Probe (Chrono Boost)  
  66  5:43  Twilight Council  
  66  5:45  Probe (Chrono Boost)  
  66  5:47  Probe (Chrono Boost)  
  66  5:48  Pylon  
  68  5:53  Stalker  
  68  5:54  Stalker x2  
  68  5:56  Sentry  
  76  5:57  Probe (Chrono Boost)  
  76  6:03  Probe (Chrono Boost)  
  78  6:08  Probe (Chrono Boost)  
  79  6:13  Probe (Chrono Boost)  
  80  6:20  Adept x3  
  84  6:47  Stalker  
  84  6:51  Pylon  
  86  7:07  Robotics Facility  
  86  7:09  Observer  
  86  7:12  Pylon, Robotics Bay  
  86  7:14  Pylon  
  87  7:21  Zealot x2  
  87  7:22  Zealot  
  91  7:31  Observer  
  92  7:38  Gateway  
  92  7:49  Stalker x3  
  92  7:50  Stalker x2  
  102  7:53  Nexus  
  102  7:55  Pylon  
  102  7:57  Pylon  
  96  8:12  Disruptor (Chrono Boost)  
  95  8:13  Disruptor (Chrono Boost)  
  94  8:27  Adept  
  94  8:28  Stalker, Adept  
  94  8:29  Stalker, Zealot  
  97  9:00  Disruptor (Chrono Boost)  
  97  9:02  Disruptor (Chrono Boost)  
  103  9:12  Stalker  
  103  9:14  Pylon  
  103  9:16  Pylon  
  105  9:20  Nexus  
  105  9:23  Zealot  
  107  9:24  Zealot  
  107  9:29  Blink (Chrono Boost)  
  109  9:39  Zealot  
  109  9:40  Zealot x3  
  109  9:44  Zealot  
  109  9:45  Zealot  
  79  10:21  Stalker x2  
  79  10:22  Stalker x4  
Tags
 
Add a new tag
Caveats
  • Supply blocks, unpowered buildings, or Contaminate may cause inaccurate times.
  • Supply counts are checked every 10 seconds.